 Dungeon Crawl Stone Soup version 0.17.1-3-g152610e (webtiles) character file.

38 Gargoyl the Skirmisher (level 3, 0/29 HPs)
             Began as a Demonspawn Abyssal Knight on Mar 17, 2016.
             Was a Follower of Lugonu.
             Succumbed to an adder's poison
             ... on level 2 of the Dungeon.
             The game lasted 00:02:16 (1473 turns).

Gargoyl the Skirmisher (Demonspawn Abyssal Knight)  Turns: 1473, Time: 00:02:16

Health: 0/29       AC:  5    Str: 11 (13) XL:     3   Next: 25%
Magic:  5/5        EV: 10    Int: 13      God:    Lugonu [*.....]
Gold:   76         SH:  0    Dex: 12      Spells: 0 memorised, 2 levels left

rFire  . . .     SeeInvis .     a - +1 hand axe
rCold  . . .     Clarity  .     j - +0 ring mail
rNeg   . . .     SustAt   .     (no shield)
rPois  .         Gourm    .     (helmet restricted)
rElec  .         Spirit   .     (no cloak)
rCorr  .         Warding  .     (no gloves)
rMut   .         Stasis   .     (no boots)
MR     .....                    (no amulet)
Stlth  +.........               (no ring)
                                (no ring)

@: lethally poisoned (0 -> -4), very slightly contaminated, invisible, not
resistant to hostile enchantments, very unstealthy
A: horns 1, rot immunity
a: Depart the Abyss, Renounce Religion


You were on level 2 of the Dungeon.
You worshipped Lugonu.
Lugonu was aware of your devotion.
You were not hungry.

You visited 1 branch of the dungeon, and saw 2 of its levels.
You visited the Abyss 1 time.

You collected 76 gold pieces.

Inventory:

Hand Weapons
 a - a +1 hand axe (weapon)
Armour
 j - a +0 ring mail (worn)
Scrolls
 b - a scroll of remove curse {unknown}
 d - 2 scrolls of teleportation {unknown}
 g - a scroll of identify {unknown}
 h - a scroll of amnesia {unknown}
 i - a scroll of fear {unknown}
Potions
 e - a potion of invisibility
Comestibles
 c - a bread ration
 k - a royal jelly


   Skills:
 + Level 3.4 Fighting
 + Level 1.9 Axes
 + Level 2.2 Armour
 + Level 1.4 Dodging
 + Level 2.9 Invocations


You had 2 spell levels left.
You didn't know any spells.

Dungeon Overview and Level Annotations

Branches:
Dungeon (2/15)

Altars:
Vehumet
Yredelemnul


Innate Abilities, Weirdness & Mutations

You have a pair of small horns on your head.
You are immune to rotting.


Message History

Drink which item? (? for menu, Esc to quit)
It was a potion of degeneration.
There was something very wrong with that liquid.
You feel weakened.
* * * LOW HITPOINT WARNING * * *
You feel sick.
Unknown command.
* * * LOW HITPOINT WARNING * * *
You feel sick.
* * * LOW HITPOINT WARNING * * *
You feel sick. The bat closely misses you.
* * * LOW HITPOINT WARNING * * *
You feel sick. The bat misses you. The bat closely misses you.
* * * LOW HITPOINT WARNING * * *
You feel sick. The bat hits you but does no damage.
The bat hits you but does no damage.
You die...

..........).........####......
##..##.#####.#.................##
.......# #.##############....##
#.....## ##.# #.....
#.P.P..###.## ###... #.._....)..#
#.#. #.P.P..#...# ## #.#.
#.....###..#####.###### ##..#
#.........b.@....... ####...#
##.###..#####.#####. #......# #.#
#..#### ## #.##...# #.###.....# #
#.###..# ..#...#.#.# #.##.###...
.# ###.#.._..# #.......... #.#
#.###.### ####.###... #.# #.##..#
#....... ###.##.##.########
#####.#.


You could see a bat.

Vanquished Creatures
  2 adders (D:2)
  2 worms (D:2)
  2 goblins
  2 hobgoblins
  4 bats
  3 kobolds (D:1)
  3 rats
18 creatures vanquished.

Notes
Turn   | Place    | Note
--------------------------------------------------------------
     0 | Abyss:1  | Gargoyl the Demonspawn Abyssal Knight began the quest for the Orb.
     0 | Abyss:1  | Reached XP level 1. HP: 18/18 MP: 2/2
   218 | Abyss:1  | Noticed an orange demon
   247 | Abyss:1  | Noticed a wretched star
   249 | D:1      | Escaped the Abyss
   369 | D:1      | Reached skill level 1 in Dodging
   596 | D:1      | Reached * piety under Lugonu
   625 | D:1      | Gained mutation: You have a pair of small horns on your head. [demonic ancestry]
   625 | D:1      | Reached XP level 2. HP: 20/24 MP: 4/4
  1427 | D:2      | Found a radiant altar of Vehumet.
  1449 | D:2      | Found a basalt altar of Yredelemnul.
  1452 | D:2      | Gained mutation: You are immune to rotting. [demonic ancestry]
  1452 | D:2      | Reached XP level 3. HP: 24/29 MP: 5/5
  1470 | D:2      | HP: 1/29 [poisoned by an adder]
  1473 | D:2      | Succumbed to an adder's poison

Action                   || total
-------------------------++-------
Melee: Hand axe          ||    71
Invok: Depart the Abyss  ||     1
  Use: Potion            ||     2
  Eat: Chunk             ||     2
